 Dungeon Crawl Stone Soup version 0.30.1 (webtiles) character file.

Game seed: 12304543391461916976

2830 Squagnar the Cleaver (level 9, 0/78 HPs)
             Began as a Minotaur Fighter on July 7, 2023.
             Was a Believer of Qazlal.
             Slain by a kobold brigand
             ... wielding a +0 dagger
              (5 damage)
             ... on level 7 of the Dungeon.
             The game lasted 01:10:05 (5012 turns).

Squagnar the Cleaver (Minotaur Fighter)             Turns: 5012, Time: 01:10:06

Health: 0/78       AC: -2    Str: 26    XL:     9   Next: 45%
Magic:  5/8        EV: 11    Int:  5    God:    Qazlal [**....]
Gold:   245        SH: 12    Dex:  9    Spells: 8/8 levels left

rFire   + . .        I - +3 war axe
rCold   . . .        t - +0 kite shield
rNeg    + . .        D - +3 leather armour {rF+}
rPois   .            (helmet restricted)
rElec   .            H - +1 cloak {Will+}
rCorr   .            (no gloves)
SInv    +            (no boots)
Will    +....        (no amulet)
Stlth   +            v - ring of positive energy
HPRegen 0.33/turn    w - ring of see invisible
MPRegen 0.11/turn

%: no passive effects
@: corroded
A: horns 2, retaliatory headbutt
a: Renounce Religion, Upheaval


You were on level 7 of the Dungeon.
You worshipped Qazlal.
Qazlal was pleased with you.
You visited 2 branches of the dungeon, and saw 8 of its levels.

You collected 311 gold pieces.
You spent 66 gold pieces at shops.

Inventory:

Hand Weapons
 e - a +2 quarterstaff of chaos
 I - a +3 war axe (weapon)
Missiles
 c - 20 poisoned darts (quivered)
 p - 2 boomerangs
Armour
 b - a +0 scale mail
 t - a +0 kite shield (worn)
 D - a +3 leather armour of fire resistance (worn)
 H - a +1 cloak of willpower (worn)
Magical Staves
 r - a staff of cold
Jewellery
 v - a ring of positive energy (left hand)
 w - a ring of see invisible (right hand)
 y - a ring of wizardry
Wands
 g - a wand of polymorph (2)
 h - a wand of digging (3)
 x - a wand of charming (8)
 F - a wand of flame (21)
Scrolls
 a - a scroll of butterflies {unknown}
 d - a scroll of poison {unknown}
 f - 2 scrolls of silence
 n - a scroll of magic mapping
 o - 2 scrolls of torment
 q - a scroll of vulnerability {unknown}
 u - a scroll of fear {unknown}
 A - a scroll of teleportation
 G - a scroll of identify
Potions
 i - 5 potions of degeneration
 j - 2 potions of invisibility
 l - 2 potions of curing
 m - a potion of cancellation
 s - 2 potions of magic {unknown}
 B - a potion of lignification {unknown}
 C - a potion of haste
 E - a potion of brilliance {unknown}


   Skills:
 + Level 6.9 Fighting
 + Level 10.3 Axes
 + Level 0.3 Staves
 + Level 1.4 Throwing
 + Level 6.7 Armour
 + Level 4.0 Dodging
 + Level 1.8 Stealth
 + Level 7.4 Shields


You had 8 spell levels left.
You didn't know any spells.
Your spell library contained the following spells:

 Spells                   Type           Power      Damage    Failure   Level
 Ensorcelled Hibernation  Hex/Ice        0%         N/A       86%         2
 Passwall                 Tmut/Erth      0%         N/A       86%         2
 Swiftness                Air            0%         N/A       97%         3
 Anguish                  Hex/Necr       0%         N/A       100%        4
 Cause Fear               Hex            0%         N/A       100%        4
 Enfeeble                 Hex            0%         N/A       100%        7


Dungeon Overview and Level Annotations

Branches:
Dungeon (7/15)             Temple (1/1) D:4

Altars:
Ashenzari
Cheibriados
Elyvilon
Fedhas
Gozag
Hepliaklqana
Kikubaaqudgha
Makhleb
Nemelex Xobeh
Okawaru
Qazlal
Ru
Trog
Uskayaw
Vehumet
Wu Jian
Xom
Yredelemnul
The Shining One

Shops:
D:3 *:(!


Innate Abilities, Weirdness & Mutations

You have a pair of horns on your head.
You reflexively headbutt those who attack you in melee.


Message History

You kill the kobold!
Qazlal accepts your kill.
You can no longer call upon nature to destroy your foes.
The kobold brigand hits you with a +0 dagger.
* * * LOW HITPOINT WARNING * * *
You block the kobold's attack.
The kobold is engulfed in freezing vapours.
You kill the kobold!
Qazlal accepts your kill.
You miss the kobold brigand.
You headbutt the kobold brigand, but do no damage.
You closely miss the kobold. You block the kobold brigand's attack.
The kobold hits you with a +0 club.
* * * LOW HITPOINT WARNING * * *
Unknown command.
Unknown command.
You completely miss the kobold brigand. You slash the kobold!
You kill the kobold!
Qazlal accepts your kill.
You can now call upon nature to destroy your foes.
The kobold brigand hits you with a +0 dagger!
* * * LOW HITPOINT WARNING * * *
You hit the kobold brigand but do no damage.
The kobold brigand closely misses you.
You barely miss the orc wizard. You closely miss the kobold brigand.
The kobold brigand hits you with a +0 dagger.
* * * LOW HITPOINT WARNING * * *
The orc wizard barely misses you.
You hit the orc wizard but do no damage.
Your headbutt misses the orc wizard. You closely miss the kobold brigand.
You block the kobold brigand's attack.
The orc wizard hits you with a +1 vampiric dagger.
* * * LOW HITPOINT WARNING * * *
You slash the kobold brigand!
You headbutt the kobold brigand, but do no damage.
The kobold brigand is moderately wounded.
You hit the orc wizard. The kobold brigand barely misses you.
You block the orc wizard's attack.
The kobold brigand hits you with a +0 dagger.
You die...
KoK5K

## #.#.######.# 5.K ..
..#........#
#K######.####...........
#K#)....... ........####
#).4####.####.#####.# #
.#####.K.#........ ....#.# #
#.........#.#)..###.###.#.# #
#########...#K).....#.....####
#...#@....#.#.#.......
#...o§......#.########
########.#..)#######.#
#####........#.).........#
.......##########.########
.......# #.# .......# #.#
.......# #.. .......# ...


You could see a kobold brigand and an orc wizard.

Vanquished Creatures
  An unseen horror (D:6)
  3 kobold demonologists (D:7)
  Eustachio (D:4)
  Menkaure (D:4)
  Duvessa (D:6)
  A water moccasin (D:5)
  A black bear (D:5)
  An ogre (D:5)
  2 scorpions
  4 wights (D:7)
  Dowan (D:6)
  A howler monkey (D:4)
  5 hounds
  2 jellies
  Crazy Yiuf (D:2)
  A sleepcap (D:5)
  An iguana (D:4)
  9 orc wizards
  Robin (D:2)
  6 adders
  A shadow imp (D:6)
  2 white imps (D:7)
  An ufetubus (D:5)
  A worm (D:3)
  2 dart slugs (D:3)
  20 orcs
  6 bats
  2 endoplasms
  8 giant cockroaches
  13 goblins
  11 hobgoblins
  4 jackals (D:3)
  2 quokkas
  7 ball pythons
  4 frilled lizards
  9 kobolds
  2 rats
139 creatures vanquished.

Notes
Turn   | Place    | Note
-------+----------+-------------------------------------------
     0 | D:1      | Squagnar the Minotaur Fighter began the quest for the Orb.
     0 | D:1      | Reached XP level 1. HP: 19/19 MP: 0/0
    48 | D:1      | Reached XP level 2. HP: 27/27 MP: 1/1
   540 | D:2      | Found a runed translucent door.
   541 | D:2      | Noticed Crazy Yiuf
   549 | D:2      | Killed Crazy Yiuf
   550 | D:2      | Reached skill level 3 in Axes
   550 | D:2      | Reached XP level 3. HP: 33/33 MP: 2/2
   627 | D:2      | Noticed Robin
   638 | D:2      | Reached XP level 4. HP: 15/40 MP: 3/3
   642 | D:2      | Killed Robin
  1144 | D:3      | Found Cofa Mut's Assorted Antiques.
  1152 | D:3      | Bought a scroll of identify for 66 gold pieces
  1155 | D:3      | Found Vomobats's Antique Weapon Shoppe.
  1238 | D:3      | Found Wekodi's Distillery.
  1273 | D:3      | Reached skill level 4 in Axes
  1376 | D:3      | Found Qidusm's Book Shoppe.
  1475 | D:3      | Reached XP level 5. HP: 47/47 MP: 4/4
  1814 | D:4      | Reached skill level 1 in Dodging
  1859 | D:4      | Reached skill level 5 in Axes
  1859 | D:4      | Reached XP level 6. HP: 52/53 MP: 5/5
  1871 | D:4      | Found a glowing golden altar of the Shining One.
  1890 | D:4      | Found a staircase to the Ecumenical Temple.
  1910 | D:4      | Reached skill level 5 in Armour
  1927 | Temple   | Entered the Ecumenical Temple
  2196 | Temple   | Became a worshipper of Qazlal Stormbringer
  2253 | D:4      | Found an iron altar of Okawaru.
  2289 | D:4      | Noticed Menkaure
  2294 | D:4      | Killed Menkaure
  2295 | D:4      | Reached skill level 6 in Axes
  2295 | D:4      | Reached skill level 5 in Shields
  2310 | D:4      | Reached XP level 7. HP: 58/60 MP: 6/6
  2560 | D:4      | Noticed Eustachio
  2571 | D:4      | Killed Eustachio
  2572 | D:4      | Reached skill level 5 in Fighting
  2718 | D:5      | Entered Level 5 of the Dungeon
  2732 | D:5      | Reached skill level 7 in Axes
  2856 | D:5      | Reached XP level 8. HP: 11/68 MP: 7/7
  3264 | D:5      | Found a basalt altar of Yredelemnul.
  3269 | D:5      | Reached skill level 8 in Axes
  3532 | D:6      | Noticed Dowan
  3534 | D:6      | Noticed Duvessa
  3546 | D:6      | Killed Dowan
  3546 | D:6      | Reached * piety under Qazlal
  3554 | D:6      | Killed Duvessa
  3618 | D:6      | Noticed an unseen horror
  4017 | D:6      | Killed an unseen horror
  4018 | D:6      | Reached skill level 9 in Axes
  4018 | D:6      | Reached skill level 1 in Stealth
  4408 | D:6      | Found an ornate altar of the Wu Jian Council.
  4634 | D:7      | Found a burning altar of Makhleb.
  4688 | D:7      | Found a hazy altar of Hepliaklqana.
  4877 | D:7      | Reached XP level 9. HP: 77/77 MP: 8/8
  4886 | D:7      | Found a radiant altar of Vehumet.
  4941 | D:7      | Noticed a kobold demonologist
  4943 | D:7      | Noticed a kobold demonologist
  4949 | D:7      | Noticed a sun demon
  4949 | D:7      | Noticed a soul eater
  4951 | D:7      | Noticed a kobold demonologist
  4956 | D:7      | Noticed a soul eater
  4956 | D:7      | Noticed a rust devil
  4970 | D:7      | Noticed a red devil
  4970 | D:7      | Killed a kobold demonologist
  4971 | D:7      | Reached skill level 1 in Throwing
  4976 | D:7      | Noticed a smoke demon
  4978 | D:7      | Killed a kobold demonologist
  4979 | D:7      | Reached skill level 10 in Axes
  4983 | D:7      | Noticed a rust devil
  4993 | D:7      | HP: 3/78 [poisoned by a kobold brigand]
  5002 | D:7      | Killed a kobold demonologist
  5004 | D:7      | Reached ** piety under Qazlal
  5012 | D:7      | Slain by a kobold brigand

Illustrated notes

Levels and vault maps discovered:
D:1:      wheals_arrival_linesprint, layout_loops_ring, minmay_worlds_worst_comb
D:2:      layout_basic, uniq_crazy_yiuf_cottage, uniq_terence, uniq_robin
D:3:      layout_basic, serial_shops, shop, shop, nicolae_shop_hallway_stairs,
          shop, minmay_pentangle
D:4:      minmay_bubble_buster, layout_basic, mainiacjoe_overflow_boulevard,
          mainiacjoe_overflow_six_doors_small,
          minmay_temple_entry_statues_pillars, serial_curves, eino_curves_03,
          eino_curves_02, st_stairs_7, uniq_eustachio, uniq_menkaure
D:5:      layout_gridville, yredelemnul_altar_generic
D:6:      layout_basic, nicolae_wu_jian_immortal_techniques, uniq_duvessa
D:7:      layout_basic, mainiacjoe_overflow_alcove_4,
          mainiacjoe_overflow_concentric_impassable, mainiacjoe_overflow_paths,
          uniq_maggie
Temple:   nicolae_temple_godzebo

Skill      XL: |  1  2  3  4  5  6  7  8  9 |
---------------+----------------------------+-----
Shields        | 4 5 6 7 |  7.4
Fighting       | 4 5 6 |  6.9
Axes           | 3 4 5 6 7 9 10 | 10.3
Armour         | 4 5 6 |  6.7
Dodging        | 1 2 3 4 |  4.0
Stealth        | 1 |  1.8
Throwing       | 1 |  1.4
Staves         | |  0.3

Action                     |  1- 3 |  4- 6 |  7- 9 || total
---------------------------+-------+-------+-------++-------
  Melee: War axe           |    42 |   101 |   196 ||   339
         Headbutt          |     9 |    15 |    41 ||    65
         Quarterstaff      |    19 |     5 |       ||    24
  Throw: Boomerang         |     1 |       |       ||     1
         Dart              |       |       |     6 ||     6
 Invoke: Upheaval          |       |       |     1 ||     1
  Evoke: Wand              |       |       |     1 ||     1
    Use: Scroll            |     3 |     2 |     8 ||    13
         Potion            |     1 |     1 |     7 ||     9
 Armour: Scale mail        |    48 |    50 |     4 ||   102
         Leather armour    |       |       |    36 ||    36
  Dodge: Dodged            |    41 |    44 |    89 ||   174
  Block: Buckler           |    11 |       |       ||    11
         Kite shield       |       |    53 |    86 ||   139
